 Dungeon Crawl Stone Soup version 0.24.1-14-gf8d2b509d9 (webtiles) character file.

Game seed: 2441884955107820796, levelgen mode: deterministic

323 KlarStein the Skirmisher (level 6, -1/48 HPs)
             Began as a Demonspawn Fighter on July 10, 2020.
             Slain by a gnoll
             ... wielding a +0 halberd
              (14 damage)
             ... on level 4 of the Dungeon.
             The game lasted 00:12:37 (4527 turns).

KlarStein the Skirmisher (Demonspawn Fighter)       Turns: 4527, Time: 00:12:38

Health: -1/48      AC:  8    Str: 18    XL:     6   Next: 23%
Magic:  6/6        EV:  6    Int:  9    God:
Gold:   217        SH:  8    Dex: 13    Spells: 5/5 levels left

rFire    . . .     SeeInvis .   a - +0 long sword
rCold    . . .     Gourm    .   c - +0 shield
rNeg     . . .     Faith    .   b - +0 scale mail
rPois    .         Spirit   .   n - +1 helmet
rElec    .         Reflect  .   (no cloak)
rCorr    .         Harm     .   (no gloves)
MR       .....                  (no boots)
Stlth    ..........             (no amulet)
HPRegen  0.16/turn              l - ring of flight
MPRegen  0.10/turn              (no ring)

@: heavily drained
A: hooves 1, powered by pain 2
a: Evoke Flight


You were on level 4 of the Dungeon.
You were very hungry.

You visited 1 branch of the dungeon, and saw 4 of its levels.

You collected 217 gold pieces.

Inventory:

Hand Weapons
 a - a +0 long sword (weapon)
Armour
 b - a +0 scale mail (worn)
 c - a +0 shield (worn)
 n - a +1 helmet (worn)
Jewellery
 l - a ring of flight (left hand)
 r - a +2 ring of strength {unknown}
Scrolls
 g - a scroll of teleportation
 k - 2 scrolls of enchant armour
 p - a scroll of magic mapping
 u - a scroll of remove curse
Potions
 d - a potion of might
 e - a potion of agility
 h - 2 potions of resistance
 i - a potion of brilliance {unknown}
 j - 2 potions of lignification {unknown}
 m - a potion of ambrosia {unknown}
 o - a potion of haste {unknown}
 q - 3 potions of curing {unknown}
 s - a potion of flight {unknown}
 t - 2 potions of heal wounds {unknown}
Comestibles
 f - 6 rations


   Skills:
 + Level 4.1(2.5) Fighting
 * Level 4.0(2.4) Long Blades
 + Level 3.7(2.1) Armour
 + Level 3.7(2.1) Shields


You had 5 spell levels left.
You didn't know any spells.
Your spell library contained the following spells:

 Spells                   Type           Power        Failure   Level  Hunger
 Magic Dart               Conj           #...         100%        1    ##.....
 Blink                    Tloc           N/A          100%        2    ###....
 Call Imp                 Summ           #.......     100%        2    ###....
 Slow                     Hex            #.......     100%        2    ###....
 Conjure Flame            Conj/Fire      #.......     100%        3    ####...
 Mephitic Cloud           Conj/Pois/Air  #.......     100%        3    ####...


Dungeon Overview and Level Annotations

Branches:
Dungeon (4/15)
 Temple: D:4-7

Altars:


Innate Abilities, Weirdness & Mutations

You have large cloven feet.
You sometimes gain power by taking damage.


Message History

The adder is severely wounded.
The adder bites you but does no damage. The adder barely misses you.
The gnoll hits you from afar with a +0 halberd!
You slash the adder!
You kill the adder!
The gnoll hits you but does no damage. The gnoll hits you but does no damage.
You slash the gnoll! Your kick misses the gnoll.
The gnoll is severely wounded.
You hit the gnoll. Your kick misses the gnoll.
The gnoll is moderately wounded.
The gnoll hits you from afar with a +0 halberd!
You block the gnoll's attack.
The gnoll hits you from afar with a +0 halberd!
* * * LOW HITPOINT WARNING * * *
You barely miss the gnoll. Your kick misses the gnoll.
The gnoll is moderately wounded.
You block the gnoll's attack.
The gnoll hits you from afar with a +0 halberd!
You die...

#............#####...###
#...........## ##...##
#..........## ###..#
##.........## ##..
#.........## ##.
.........## ## ##.....##
#### #####.)# ##... #.@#
..... ##g# .....
#..g...... .....
........... .....
............. #....
#.............. #....
....[.......... ###..
............... ###
#.............S #


You could see 2 gnolls.

Vanquished Creatures
  An orc priest (D:4)
  2 orc wizards (D:4)
  A worker ant (D:4)
  Terence (D:3)
  A hound skeleton (D:4)
  4 gnolls
  4 adders
  An ooze (D:1)
  5 worms
  5 dart slugs
  2 leopard geckos
  3 giant cockroaches
  7 goblins
  7 hobgoblins
  8 jackals
  A quokka (D:2)
  A ball python (D:1)
  9 bats
  3 frilled lizards (D:1)
  5 kobolds
  A quokka skeleton (D:4)
  7 rats
79 creatures vanquished.

Notes
Turn   | Place    | Note
-------+----------+-------------------------------------------
     0 | D:1      | KlarStein the Demonspawn Fighter began the quest for the
                  | Orb.
     0 | D:1      | Reached XP level 1. HP: 18/18 MP: 1/1
   342 | D:1      | Gained mutation: You sometimes gain a little power by
                  | taking damage. [demonic ancestry]
   342 | D:1      | Reached XP level 2. HP: 21/24 MP: 2/2
   682 | D:1      | Reached XP level 3. HP: 27/29 MP: 3/3
  1644 | D:2      | Gained mutation: You have large cloven feet. [demonic
                  | ancestry]
  1644 | D:2      | Reached XP level 4. HP: 33/35 MP: 4/4
  2703 | D:3      | Reached XP level 5. HP: 42/42 MP: 5/5
  2865 | D:3      | Noticed Terence
  2885 | D:3      | Killed Terence
  3982 | D:4      | Gained mutation: You sometimes gain power by taking damage.
                  | [demonic ancestry]
  3982 | D:4      | Reached XP level 6. HP: 36/48 MP: 6/6
  4527 | D:4      | Slain by a gnoll

Levels and vault maps discovered:
D:1:      dpeg_arrival_refuge, layout_basic, hex_intersection,
          supply_closet_lemuel, nrook_uturn, minmay_tromino_v4_b
D:2:      layout_loops_ring
D:3:      layout_basic, uniq_terence
D:4:      layout_cave_pods, lemuel_doored_altar,
          minmay_temple_entry_drinking_statues, first_ration, serial_shops,
          shop_fountains, cheibrodos_gnoll_hut, uniq_sigmund

Skill      XL: |  1  2  3  4  5  6 |
---------------+-------------------+-----
Long Blades    | 2 3 4 |  4.0
Armour         | 3 |  3.7
Shields        | 3 |  3.7
Fighting       | 4 |  4.1

Action                   |  1- 3 |  4- 6 || total
-------------------------+-------+-------++-------
Melee: Long sword        |   153 |   175 ||   328
       Kick              |       |    47 ||    47
  Use: Scroll            |       |     9 ||     9
  Eat: Chunk             |     3 |     8 ||    11
Armor: Scale mail        |    61 |    84 ||   145
Dodge: Dodged            |    47 |    54 ||   101
Block: Shield            |    91 |    74 ||   165
       Rpst.: Long sword |    15 |    13 ||    28
